 Dungeon Crawl Stone Soup version 0.20.1-1-g8b1a95d (webtiles) character file.

639 Irenicus the Insei (level 7, -3/57 HPs)
             Began as a Deep Dwarf Transmuter on Oct 20, 2017.
             Killed from afar by an orc wizard (4 damage)
             ... with a magic dart
             ... on level 4 of the Dungeon.
             The game lasted 00:10:39 (2610 turns).

Irenicus the Insei (Deep Dwarf Transmuter)          Turns: 2610, Time: 00:10:40

Health: -3/57      AC:  2    Str: 13    XL:     7   Next: 26%
Magic:  3/8        EV: 15    Int: 14    God:
Gold:   190        SH:  0    Dex: 15    Spells: 6/12 levels left

rFire    . . .     SeeInvis +     - Unarmed
rCold    . . .     Gourm    .   (no shield)
rNeg     . . .     Faith    .   b - +0 robe
rPois    .         Spirit   .   (no helmet)
rElec    .         Reflect  .   (no cloak)
rCorr    .         Harm     .   (no gloves)
MR       +....                  (no boots)
Stlth    +.........             (no amulet)
Regen    0.0/turn               e - ring of see invisible
MPRegen  0.2/turn               q - +2 ring of evasion

@: very slightly contaminated, non-regenerating
A: damage resistance, heal wounds, sense surroundings 1, no regeneration
a: Heal Wounds


You were on level 4 of the Dungeon.
You were not hungry.

You visited 1 branch of the dungeon, and saw 4 of its levels.

You collected 190 gold pieces.

Inventory:

Missiles
 a - 29 arrows
Armour
 b - a +0 robe (worn)
 o - a +0 leather armour
Jewellery
 e - a ring of see invisible (left hand)
 p - an uncursed amulet of faith
 q - a +2 ring of evasion (right hand)
Wands
 r - a wand of clouds (4/9)
 t - a wand of paralysis (10/24)
Scrolls
 g - a scroll of enchant armour {unknown}
 h - 3 scrolls of identify {unknown}
 i - 4 scrolls of remove curse {unknown}
 j - 2 scrolls of teleportation {unknown}
 m - a scroll of enchant weapon {unknown}
 n - a scroll of noise {unknown}
Potions
 k - 2 potions of curing
Books
 c - a book of Changes

   Spells                             Type                      Level
   a - Beastly Appendage              Transmutation                1
   b - Sticks to Snakes               Transmutation                2
   c - Spider Form                    Transmutation/Poison         3
   d - Ice Form                       Ice/Transmutation            4
   e - Blade Hands                    Transmutation                5
Comestibles
 d - 4 bread rations
 f - a chunk of flesh
 l - 2 royal jellies
 s - a meat ration


   Skills:
 - Level 1.1 Fighting
 - Level 2.1 Dodging
 + Level 5.8 Unarmed Combat
 - Level 3.0 Spellcasting
 - Level 4.0 Transmutations
 - Level 1.0 Poison Magic


You had 6 spell levels left.
You knew the following spells:

 Your Spells              Type           Power        Failure   Level  Hunger
a - Beastly Appendage     Tmut           ##....       4%          1    #......
c - Sticks to Snakes      Tmut           ##......     6%          2    ##.....
e - Spider Form           Tmut/Pois      #.........   22%         3    ###....


Dungeon Overview and Level Annotations

Branches:
Dungeon (4/15)
 Temple: D:4-7

Altars:


Innate Abilities, Weirdness & Mutations

You are resistant to damage.
You can heal yourself by infusing magical energy.
You passively map a small area around you.
You do not regenerate.


Message History

You kill the orc!
You hit the orc wizard.
The orc wizard is lightly wounded.
The orc wizard casts a spell at you. The magic dart hits you!
* * * LOW HITPOINT WARNING * * *
You completely miss the orc wizard.
The orc wizard is lightly wounded.
The orc wizard closely misses you.
You hit the orc wizard.
The orc wizard is poisoned.
The orc wizard is heavily wounded.
Your transformation has ended.
Your +0 robe unmelds from your body.
Casting: Spider Form
Confirm with . or Enter, or press ? or * to list all spells.
Okay, then.
You fail to use your ability.
The orc wizard gestures at you while chanting.
The magic dart hits you!
You die...

* * * , * * ### ,..# **
#.# #.###### ##
######....... ,.. *
########<)....# * ##
..%..oo@.####.##########
########## #...........
############


You could see an orc wizard and an orc.

Vanquished Creatures
  Menkaure (D:4)
  An ogre (D:4)
  2 scorpions
  4 orc wizards
  A hound (D:4)
  A bullfrog skeleton (D:4)
  Terence (D:3)
  4 gnolls (D:3)
  3 adders
  An ooze (D:3)
  2 worms
  A dart slug (D:1)
  2 leopard geckos
  16 orcs
  A ball python (D:2)
  3 giant cockroaches
  5 goblins
  7 hobgoblins
  6 bats
  3 frilled lizards
  2 kobolds (D:2)
  5 rats (D:3)
72 creatures vanquished.

Notes
Turn   | Place    | Note
-------+----------+-------------------------------------------
     0 | D:1      | Irenicus the Deep Dwarf Transmuter began the quest for the Orb.
     0 | D:1      | Reached XP level 1. HP: 16/16 MP: 3/3
    80 | D:1      | Reached skill level 1 in Fighting
   184 | D:1      | Reached skill level 3 in Unarmed Combat
   296 | D:1      | Reached XP level 2. HP: 19/25 MP: 2/4
  1080 | D:2      | Reached XP level 3. HP: 16/31 MP: 5/5
  1114 | D:2      | Learned a level 3 spell: Spider Form
  1612 | D:3      | Learned a level 2 spell: Sticks to Snakes
  1753 | D:3      | Reached skill level 1 in Poison Magic
  1827 | D:3      | Reached XP level 4. HP: 27/38 MP: 0/7
  1847 | D:3      | Noticed Terence
  1867 | D:3      | Killed Terence
  1905 | D:3      | Reached XP level 5. HP: 33/44 MP: 0/8
  2266 | D:4      | Reached XP level 6. HP: 18/51 MP: 1/9
  2341 | D:4      | Noticed Menkaure
  2368 | D:4      | HP: 2/51 [Menkaure (11)]
  2371 | D:4      | Killed Menkaure
  2371 | D:4      | Reached skill level 4 in Unarmed Combat
  2423 | D:4      | Reached skill level 5 in Unarmed Combat
  2426 | D:4      | Reached XP level 7. HP: 23/57 MP: 3/8
  2607 | D:4      | HP: 1/57 [orc wizard/magic dart (10)]
  2610 | D:4      | Killed from afar by an orc wizard

Skill      XL: |  1  2  3  4  5  6 |
---------------+-------------------+-----
Fighting       | 1 |  1.1
Unarmed Combat | 3 5 |  5.8
Transmutations | 2 3 4 |  4.0
Spellcasting   | 2 3 |  3.0
Poison Magic   | 1 |  1.0
Dodging        | |  2.1

Action                   |  1- 3 |  4- 6 |  7- 9 || total
-------------------------+-------+-------+-------++-------
Melee: Unarmed           |   115 |    89 |    32 ||   236
       Headbutt          |     7 |     1 |       ||     8
       Punch             |     2 |       |       ||     2
       Kick              |     5 |       |       ||     5
 Cast: Beastly Appendage |    13 |     1 |       ||    14
       Spider Form       |     5 |    10 |     4 ||    19
 Abil: Heal Wounds       |     1 |     4 |       ||     5
  Use: Potion            |     4 |     1 |       ||     5
 Stab: Sleeping          |     1 |       |       ||     1
  Eat: Chunk             |     4 |     3 |     2 ||     9
Armor: Robe              |    11 |     1 |       ||    12
       Skin              |       |    15 |     3 ||    18
Dodge: Dodged            |    61 |    40 |    14 ||   115
